 Dungeon Crawl Stone Soup version 0.25.1-2-g60ff931df9 (webtiles) character file.

Game seed: 15292699072863245969

10035 DungeonDestroyer the Blocker (level 11, -13/88 (89) HPs)
             Began as a Gnoll Fighter on Oct 25, 2020.
             Was a Plaything of Xom.
             Mangled by a komodo dragon (16 damage)
             ... summoned by Xom
             ... on level 1 of the Lair of Beasts.
             The game lasted 00:27:30 (11681 turns).

DungeonDestroyer the Blocker (Gnoll Fighter)       Turns: 11681, Time: 00:27:31

HP:   -13/88 (89)   AC: 18    Str: 27    XL:     11   Next: 55%
MP:   0/20          EV: 11    Int: 11    God:    Xom [......]
Gold: 628           SH: 13    Dex: 15    Spells: 22/22 levels left

rFire    . . .     SeeInvis .   w - +3 trident (vamp)
rCold    . . .     Gourm    .   c - +1 kite shield
rNeg     + . .     Faith    .   s - +0 chain mail
rPois    .         Spirit   +   h - +0 helmet
rElec    .         Reflect  .   q - +0 cloak
rCorr    .         Harm     .   j - +0 pair of gloves
MR       .....                  H - +2 pair of boots
Stlth    ..........             x - amulet of guardian spirit
HPRegen  0.24/turn              m - +6 ring of strength
MPRegen  0.17/turn              p - ring of positive energy

@: lightly drained
A: distributed training, fangs 1, blurry vision 1, no potion heal 1, strong nose
a: Renounce Religion


You were on level 1 of the Lair of Beasts.
You worshipped Xom.
You were a very special plaything of Xom.
You were not hungry.

You visited 3 branches of the dungeon, and saw 13 of its levels.
You also visited: Sewer, Ossuary and Bailey.

You collected 628 gold pieces.

Inventory:

Hand Weapons
 w - a +3 vampiric trident (weapon)
 S - the +4 hand axe "Thing" {drain, rC- MR+ Dex+3}
   (You found it on level 11 of the Dungeon)

   A truly terrible weapon, it drains the life of those it strikes.
   It affects your dexterity (+3).
   It makes you vulnerable to cold.
   It affects your resistance to hostile enchantments.
Missiles
 e - 375 stones (quivered)
 i - 171 arrows
 k - 47 poisoned darts
 r - 46 bolts
 t - 59 sling bullets
 u - 3 curare-tipped darts
 y - 14 boomerangs
 O - 6 javelins
 R - 2 atropa-tipped darts
Armour
 c - a +1 kite shield (worn)
 h - a +0 helmet (worn)
 j - a +0 pair of gloves (worn)
 q - a +0 cloak (worn)
 s - a +0 chain mail (worn)
 H - a +2 pair of boots (worn)
Jewellery
 a - an uncursed ring of flight
 m - a +6 ring of strength (left hand)
 p - a ring of positive energy (right hand)
 x - an amulet of guardian spirit (around neck)
 Q - an uncursed ring of resist corrosion
Wands
 b - a wand of flame (53)
 K - a wand of clouds (5)
 L - a wand of polymorph (9)
Scrolls
 g - 7 scrolls of teleportation
 l - 6 scrolls of identify
 o - 5 scrolls of enchant weapon
 z - a scroll of blinking
 A - 3 scrolls of amnesia
 C - a scroll of torment {unknown}
 F - 3 scrolls of enchant armour
 G - 4 scrolls of remove curse
 J - 3 scrolls of immolation
 M - a scroll of brand weapon
Potions
 d - 2 potions of might
 n - 4 potions of invisibility
 v - 3 potions of flight
 D - 3 potions of berserk rage
 E - 11 potions of curing
 I - 7 potions of heal wounds
 N - a potion of haste
Miscellaneous
 P - a lightning rod (1/4)
Comestibles
 f - 15 rations


   Skills:
 + Level 9.2(9.1) Fighting
 + Level 6.3(6.2) Short Blades
 + Level 6.3(6.2) Long Blades
 + Level 7.9(7.8) Axes
 + Level 6.3(6.2) Maces & Flails
 + Level 6.3(6.2) Polearms
 + Level 6.3(6.2) Staves
 + Level 6.3(6.2) Slings
 + Level 6.3(6.2) Bows
 + Level 6.3(6.2) Crossbows
 + Level 6.3(6.2) Throwing
 + Level 9.2(9.1) Armour
 + Level 6.3(6.2) Dodging
 + Level 6.3(6.2) Stealth
 + Level 9.2(9.1) Shields
 + Level 6.3(6.2) Unarmed Combat
 + Level 6.3(6.2) Spellcasting
 + Level 5.2(5.1) Conjurations
 + Level 5.2(5.1) Hexes
 + Level 5.2(5.1) Charms
 + Level 5.2(5.1) Summonings
 + Level 5.2(5.1) Necromancy
 + Level 5.2(5.1) Translocations
 + Level 5.2(5.1) Transmutations
 + Level 5.2(5.1) Fire Magic
 + Level 5.2(5.1) Ice Magic
 + Level 5.2(5.1) Air Magic
 + Level 5.2(5.1) Earth Magic
 + Level 5.2(5.1) Poison Magic
 + Level 6.9(6.8) Invocations
 + Level 6.3(6.2) Evocations


You had 22 spell levels left.
You didn't know any spells.
Your spell library contained the following spells:

 Spells                   Type           Power        Failure   Level  Hunger
 Ensorcelled Hibernation  Hex/Ice        ##....       34%         2    ##.....
 Borgnjor's Vile Clutch   Necr/Erth      ##........   99%         5    ######.
 Silence                  Hex/Air        ##........   99%         5    ######.
 Darkness                 Hex            ##........   100%        6    #######
 Shadow Creatures         Summ           N/A          100%        6    #######


Dungeon Overview and Level Annotations

Branches:
Dungeon (11/15)            Temple (1/1) D:7            Lair (1/6) D:11
  Sewer (visited)         Ossuary (visited)          Bailey (visited)
    Orc: D:9-12

Altars:
Ashenzari
Cheibriados
Dithmenos
Elyvilon
Fedhas
Gozag
Hepliaklqana
Kikubaaqudgha
Makhleb
Nemelex Xobeh
Okawaru
Qazlal
Ru
Sif Muna
Trog
Uskayaw
Vehumet
Wu Jian
Xom
Yredelemnul
Zin
The Shining One

Shops:
D:5 [   D:8 (


Innate Abilities, Weirdness & Mutations

Your experience applies equally to all skills.
You have very sharp teeth.
Your uncanny sense of smell can sniff out nearby items.
Scrolls take you a little longer to read.
Potions are less effective at restoring your health.


Message History

You closely miss the bullfrog.
The bullfrog is severely wounded.
The bullfrog barely misses you. The komodo dragon bites you.
* * * LOW HITPOINT WARNING * * *
You block the komodo dragon's attack.
Your shield and chain mail prevent you from hitting the bullfrog.
The bullfrog is severely wounded.
You block the bullfrog's attack.
You block the komodo dragon's attack. x2
The bullfrog closely misses you.
You hit the bullfrog.
The bullfrog is severely wounded.
You block the bullfrog's attack. You block the komodo dragon's attack.
The komodo dragon bites you!
* * * LOW HITPOINT WARNING * * *
You puncture the bullfrog!
You kill the bullfrog!
The bullfrog's corpse disappears in a puff of smoke!
You block the komodo dragon's attack. The komodo dragon bites you!
You die...
Xom chortles!

###### #####
##..#.# #.ยง.##
##....##
##@...# #....##
##l.lP##
###...###....##
#...###....##
#...# #...##
#...# #...#
#...# #..##
###.# #...#
##...# #...#


You could see 2 komodo dragons.

Vanquished Creatures
  A two-headed ogre (D:8)
  A death yak (Lair:1)
  An unseen horror (D:10)
  Pikel (D:5)
  A komodo dragon (D:11)
  2 hippogriffs (D:9)
  Prince Ribbit (D:8)
  A spriggan (D:7)
  4 yaks (D:11)
  A vampire (D:11)
  A wyvern (D:8)
  A steam dragon (D:10)
  4 hungry ghosts
  A water moccasin (D:8)
  2 orc warriors
  A black bear (D:8)
  2 sky beasts
  2 ogres
  2 necrophages (D:9)
  3 phantoms
  2 ice beasts
  A centaur (D:8)
  A big kobold (D:7)
  9 bullfrogs
  2 scorpions
  A water moccasin skeleton (D:9)
  4 killer bees (D:7)
  16 wights
  2 bullfrog zombies (Ossuary)
  2 crimson imps (D:6)
  3 centaur zombies
  2 hounds
  4 jellies
  7 orc wizards
  A quasit (D:10)
  A gnoll shaman (D:6)
  6 orc priests
  A bullfrog skeleton (D:5)
  Jessica (D:2)
  18 mummies
  3 iguanas
  8 worker ants
  A killer bee zombie (D:10)
  A human simulacrum (D:9)
  2 hound zombies (Ossuary)
  4 worker ant zombies
  Robin (D:4)
  13 adders
  4 gnolls
  A howler monkey skeleton (D:8)
  4 river rats (Sewer)
  5 shadow imps
  3 adder zombies
  A worm (D:2)
  9 leopard geckos
  42 orcs
  2 bats
  10 giant cockroaches
  16 goblins
  7 hobgoblins
  6 jackals
  27 kobolds
  4 quokkas
  5 ball pythons
  2 frilled lizards (Sewer)
  A leopard gecko skeleton (D:3)
  A leopard gecko zombie (Ossuary)
  A quokka skeleton (D:4)
  25 rats
326 creatures vanquished.

Vanquished Creatures (others)
  A human simulacrum (D:9)
  2 fungi (D:9)
3 creatures vanquished.

Grand Total: 329 creatures vanquished

Notes
Turn   | Place    | Note
-------+----------+-------------------------------------------
     0 | D:1      | DungeonDestroyer the Gnoll Fighter began the quest for the
                  | Orb.
     0 | D:1      | Reached XP level 1. HP: 23/23 MP: 1/1
   234 | D:1      | Reached XP level 2. HP: 29/29 MP: 2/2
   910 | D:2      | Reached XP level 3. HP: 25/35 MP: 3/3
  1092 | D:2      | Noticed Jessica
  1136 | D:2      | Killed Jessica
  1136 | D:2      | Reached skill level 1 in Short Blades
  1136 | D:2      | Reached skill level 1 in Long Blades
  1136 | D:2      | Reached skill level 1 in Maces & Flails
  1136 | D:2      | Reached skill level 1 in Polearms
  1136 | D:2      | Reached skill level 1 in Staves
  1136 | D:2      | Reached skill level 1 in Slings
  1136 | D:2      | Reached skill level 1 in Bows
  1136 | D:2      | Reached skill level 1 in Crossbows
  1136 | D:2      | Reached skill level 1 in Throwing
  1136 | D:2      | Reached skill level 1 in Dodging
  1136 | D:2      | Reached skill level 1 in Stealth
  1136 | D:2      | Reached skill level 1 in Unarmed Combat
  1136 | D:2      | Reached skill level 1 in Spellcasting
  1136 | D:2      | Reached skill level 1 in Invocations
  1136 | D:2      | Reached skill level 1 in Evocations
  1703 | D:3      | Reached XP level 4. HP: 41/41 MP: 5/5
  1708 | D:3      | Found a faded altar of an unknown god.
  2180 | D:3      | Found a burning altar of Makhleb.
  2195 | D:3      | Reached skill level 1 in Conjurations
  2195 | D:3      | Reached skill level 1 in Hexes
  2195 | D:3      | Reached skill level 1 in Charms
  2195 | D:3      | Reached skill level 1 in Summonings
  2195 | D:3      | Reached skill level 1 in Necromancy
  2195 | D:3      | Reached skill level 1 in Translocations
  2195 | D:3      | Reached skill level 1 in Transmutations
  2195 | D:3      | Reached skill level 1 in Fire Magic
  2195 | D:3      | Reached skill level 1 in Ice Magic
  2195 | D:3      | Reached skill level 1 in Air Magic
  2195 | D:3      | Reached skill level 1 in Earth Magic
  2195 | D:3      | Reached skill level 1 in Poison Magic
  2377 | D:3      | Reached XP level 5. HP: 47/47 MP: 6/6
  3100 | D:4      | Noticed Robin
  3125 | D:4      | Killed Robin
  3125 | D:4      | Reached XP level 6. HP: 33/53 MP: 5/8
  4007 | D:5      | Entered Level 5 of the Dungeon
  4023 | D:5      | Found a sand-covered staircase.
  4034 | Ossuary  | Entered an ossuary
  4049 | Ossuary  | Reached skill level 5 in Axes
  4152 | Ossuary  | Reached XP level 7. HP: 59/59 MP: 10/10
  4555 | D:5      | Found a glowing drain.
  4571 | Sewer    | Entered a sewer
  4746 | Sewer    | Reached XP level 8. HP: 67/67 MP: 12/12
  5387 | D:5      | Found Ehofic's Armour Shop.
  5740 | D:5      | Noticed Pikel
  5764 | D:5      | Killed Pikel
  5909 | D:5      | Got a polished short sword
  5910 | D:5      | Identified the cursed +0 short sword of the Wasteland
                  | {drain, +Rage rC- Dex+6 SInv} (You found it on level 5 of
                  | the Dungeon)
  6304 | D:6      | Reached XP level 9. HP: 72/72 MP: 14/14
  6308 | D:6      | Found a stormy altar of Qazlal.
  6552 | D:6      | Found a shadowy altar of Dithmenos.
  6555 | D:6      | Found a hazy altar of Hepliaklqana.
  6624 | D:6      | Found a sparkling altar of Nemelex Xobeh.
  6986 | D:7      | Found a staircase to the Ecumenical Temple.
  7036 | Temple   | Entered the Ecumenical Temple
  7177 | Temple   | Became a worshipper of Xom of Chaos
  7222 | D:7      | XOM: silly message
  7363 | D:7      | XOM: divination: detect items
  7676 | D:7      | XOM: potion effect (heal wounds)
  7702 | D:7      | XOM: silly message
  7713 | D:7      | XOM: silly message
  7795 | D:8      | XOM is BORED!
  7795 | D:8      | XOM: silly message
  7803 | D:8      | XOM: silly message
  7820 | D:8      | Noticed a two-headed ogre
  7829 | D:8      | Killed a two-headed ogre
  7829 | D:8      | Reached skill level 5 in Invocations
  7829 | D:8      | Reached XP level 10. HP: 59/80 MP: 9/17
  7986 | D:8      | Found Wesef's Weapon Boutique.
  8022 | D:8      | XOM: silly message
  8031 | D:8      | XOM: silly message
  8050 | D:8      | XOM: give mutations
  8050 | D:8      | Gained mutation: Scrolls take you a little longer to read.
                  | [Xom's mischief]
  8050 | D:8      | Gained mutation: Potions are less effective at restoring
                  | your health. [Xom's mischief]
  8316 | D:8      | XOM: polymorph ogre -> wyvern
  8320 | D:8      | XOM: scenery: 1 doors close
  8328 | D:8      | Reached skill level 5 in Short Blades
  8328 | D:8      | Reached skill level 5 in Long Blades
  8328 | D:8      | Reached skill level 5 in Maces & Flails
  8328 | D:8      | Reached skill level 5 in Polearms
  8328 | D:8      | Reached skill level 5 in Staves
  8328 | D:8      | Reached skill level 5 in Slings
  8328 | D:8      | Reached skill level 5 in Bows
  8328 | D:8      | Reached skill level 5 in Crossbows
  8328 | D:8      | Reached skill level 5 in Throwing
  8328 | D:8      | Reached skill level 5 in Dodging
  8328 | D:8      | Reached skill level 5 in Stealth
  8328 | D:8      | Reached skill level 5 in Unarmed Combat
  8328 | D:8      | Reached skill level 5 in Spellcasting
  8328 | D:8      | Reached skill level 5 in Evocations
  8462 | D:8      | XOM: divination: detect creatures
  8591 | D:8      | Noticed Prince Ribbit
  8591 | D:8      | XOM: fog
  8602 | D:8      | XOM: confusion (+ monsters)
  8608 | D:8      | XOM: torment (53/82 hp)
  8615 | D:8      | Killed Prince Ribbit
  8781 | D:8      | XOM: 1-stop teleportation journey
  9268 | D:9      | Found a shattered altar of Ashenzari.
  9283 | D:9      | Found a blossoming altar of Fedhas.
  9421 | D:9      | XOM: 1-stop teleportation journey
  9846 | D:9      | XOM: enchant monster (bad)
  9893 | D:9      | XOM: summons 1 hostile shadow creature
 10020 | D:10     | Entered Level 10 of the Dungeon
 10207 | D:10     | XOM: blink monster(s)
 10290 | D:10     | Reached XP level 11. HP: 86/86 MP: 19/19
 10538 | D:10     | XOM: blink monster(s)
 10603 | D:10     | Killed an unseen horror
 10856 | D:10     | XOM: stat loss: -1 Str (26/27)
 10921 | D:11     | Found a flagged portal.
 10929 | D:11     | XOM: blink monster(s)
 10967 | D:11     | Reached skill level 5 in Conjurations
 10967 | D:11     | Reached skill level 5 in Hexes
 10967 | D:11     | Reached skill level 5 in Charms
 10967 | D:11     | Reached skill level 5 in Summonings
 10967 | D:11     | Reached skill level 5 in Necromancy
 10967 | D:11     | Reached skill level 5 in Translocations
 10967 | D:11     | Reached skill level 5 in Transmutations
 10967 | D:11     | Reached skill level 5 in Fire Magic
 10967 | D:11     | Reached skill level 5 in Ice Magic
 10967 | D:11     | Reached skill level 5 in Air Magic
 10967 | D:11     | Reached skill level 5 in Earth Magic
 10967 | D:11     | Reached skill level 5 in Poison Magic
 10986 | D:11     | Got a warped hand axe
 10989 | Bailey   | Entered a bailey
 10992 | Bailey   | Identified the +4 hand axe "Thing" {drain, rC- MR+ Dex+3}
                  | (You found it on level 11 of the Dungeon)
 11002 | Bailey   | Noticed an orc knight
 11044 | Bailey   | Identified the +5 great sword of Desertification {freeze,
                  | *Contam rElec rPois Int+8}
 11079 | D:11     | XOM: potion effect (haste)
 11166 | D:11     | XOM: cast spell 'Summon Small Mammal'
 11171 | D:11     | XOM: god gift: scroll labeled BOOBOP SAFUW {god gift}
 11178 | D:11     | Found a staircase to the Lair.
 11178 | D:11     | XOM: 1-stop teleportation journey
 11179 | D:11     | Noticed a death yak
 11179 | D:11     | Noticed a death yak
 11182 | D:11     | Noticed a death yak
 11404 | D:11     | XOM: destruction
 11409 | Lair:1   | XOM: noise
 11409 | Lair:1   | Entered Level 1 of the Lair of Beasts
 11426 | Lair:1   | Killed a death yak
 11444 | Lair:1   | XOM: cloud trail
 11666 | Lair:1   | XOM: summons 3 hostile shadow creatures
 11680 | Lair:1   | HP: 3/88 [komodo dragon[Xom] (8)]
 11681 | Lair:1   | Mangled by a komodo dragon

Illustrated notes

Levels and vault maps discovered:
D:1:      dpeg_arrival_water_temple_mockup, layout_basic
D:2:      layout_rooms, first_ration, uniq_jessica
D:3:      layout_basic, chequers_ecumenical_altar_island,
          makhleb_heckhound_becter
D:4:      layout_cave_pools, kennysheep_nondescript, uniq_robin
D:5:      layout_loops_ring, lightli_ossuary_entry_decrepit_ruins, serial_shops,
          shop_statue, gup_sewer_entry_glass, uniq_pikel
D:6:      layout_basic, riverfiend_overflow_shadow_ancestor,
          kennysheep_mini_moat, nicolae_overflow_crystal_walls
D:7:      layout_basic, minmay_temple_entry_junction, the_bakery,
          hangedman_decor_diamond_cutter
D:8:      layout_basic, serial_shops, shop, uniq_prince_ribbit1
D:9:      layout_irregular_city, ashenzari_altar_1, fedhas_altar_3,
          serial_undead, serial_undead_c, serial_undead_c, serial_undead_c,
          serial_undead_d, bh_circular_ruins
D:10:     layout_loops_cross, nrook_loot_triangle, grunt_ministairs_15,
          minmay_misc_feat_encased
D:11:     layout_irregular_city, dpeg_lair_monsters, enter_bailey_2
Temple:   eino_temple_scatter_basement
Lair:1:   dpeg_oklob_gauntlet, layout_concentric_octagons,
          portal_ice_cave_entry_ice_beasts, uniq_erica, uniq_gastronok

Skill      XL: |  1  2  3  4  5  6  7  8  9 10 11 |
---------------+----------------------------------+-----
Short Blades   | 1 2 3 4 5 6 |  6.3
Long Blades    | 1 2 3 4 5 6 |  6.3
Maces & Flails | 1 2 3 4 5 6 |  6.3
Polearms       | 1 2 3 4 5 6 |  6.3
Staves         | 1 2 3 4 5 6 |  6.3
Slings         | 1 2 3 4 5 6 |  6.3
Bows           | 1 2 3 4 5 6 |  6.3
Crossbows      | 1 2 3 4 5 6 |  6.3
Throwing       | 1 2 3 4 5 6 |  6.3
Dodging        | 1 2 3 4 5 6 |  6.3
Stealth        | 1 2 3 4 5 6 |  6.3
Unarmed Combat | 1 2 3 4 5 6 |  6.3
Spellcasting   | 1 2 3 4 5 6 |  6.3
Invocations    | 1 2 3 4 5 6 |  6.9
Evocations     | 1 2 3 4 5 6 |  6.3
Conjurations   | 1 2 3 4 5 |  5.2
Hexes          | 1 2 3 4 5 |  5.2
Charms         | 1 2 3 4 5 |  5.2
Summonings     | 1 2 3 4 5 |  5.2
Necromancy     | 1 2 3 4 5 |  5.2
Translocations | 1 2 3 4 5 |  5.2
Transmutations | 1 2 3 4 5 |  5.2
Fire Magic     | 1 2 3 4 5 |  5.2
Ice Magic      | 1 2 3 4 5 |  5.2
Air Magic      | 1 2 3 4 5 |  5.2
Earth Magic    | 1 2 3 4 5 |  5.2
Poison Magic   | 1 2 3 4 5 |  5.2
Axes           | 5 6 7 |  7.9
Fighting       | 7 8 9 |  9.2
Armour         | 7 8 9 |  9.2
Shields        | 7 8 9 |  9.2

Action                   |  1- 3 |  4- 6 |  7- 9 | 10-12 || total
-------------------------+-------+-------+-------+-------++-------
Melee: War axe           |    36 |       |       |       ||    36
       Bite              |    12 |    28 |    70 |   108 ||   218
       Spear             |    50 |    53 |       |       ||   103
       Hand axe          |       |   122 |       |       ||   122
       Trident           |       |    59 |   520 |   632 ||  1211
Evoke: Lightning rod     |       |       |       |     4 ||     4
  Use: Scroll            |     3 |     4 |    10 |     4 ||    21
       Potion            |     2 |     3 |     6 |     1 ||    12
 Stab: Sleeping          |       |     1 |     1 |     1 ||     3
       Distracted        |       |       |     1 |       ||     1
  Eat: Chunk             |     1 |     4 |     8 |     9 ||    22
       Ration            |     1 |     1 |     1 |     4 ||     7
Armor: Scale mail        |    27 |       |       |       ||    27
       Ring mail         |       |    66 |    93 |       ||   159
       Chain mail        |       |       |    77 |   283 ||   360
Dodge: Dodged            |    17 |    70 |   159 |   246 ||   492
Block: Kite shield       |    46 |   174 |   309 |   457 ||   986
